AoeStats
← распродаж

Arena

504330585Analyzed
4v4 RM · 27d ago on Sep 4, 2026· 48m 48s· 8 players
Game mode
Random Map
Map size
Large (8 player)
Population
200
Speed
Normal
Resources
Standard
Victory
Conquest
Starting age
Dark Age
Ending age
Imperial Age
RankedLock teamsTeams togetherTeam positionsShared explorationLock speedFull tech treeHidden civsTurbo modeCheats
Victory
Defeat
🇳🇴 Wu · Norway
1639
+13
🇩🇪 Poles · Germany
1592
+15
🇩🇪 Franks · Germany
1556
+16
🇭🇷 Bengalis · Croatia
1446
+22
🇦🇷 Gurjaras · Argentina
1621
-19
🇳🇱 Mongols · Netherlands
1574
-17
🇨🇿 Maya · Czechia
1547
-16
🇭🇰 Magyars · Hong Kong SAR China
1509
-14
KingJulien
10:12 Feudal Age
10:18 Feudal Age
11:50 Double-Bit Axe
14:23 Castle Age
12:20 Horse Collar
15:45 Loom
21:09 Bow Saw
23:44 Wheelbarrow
24:13 Heavy Plow
25:07 Town Watch
28:34 Imperial Age
28:08 Gold Mining
28:08 Stone Mining
29:36 Drill
28:37 Capped Ram
28:43 Light Cavalry
29:35 Bloodlines
29:25 Husbandry
29:27 Fletching
29:56 Siege Ram
31:02 Scale Barding Armor
31:43 Forging
31:48 Squires
32:05 Scale Mail Armor
31:43 Pikeman
33:02 Iron Casting
33:03 Chain Mail Armor
35:06 Plate Mail Armor
35:41 Conscription
36:22 Siege Engineers
36:50 Onager
41:05 Blast Furnace
45:20 Bodkin Arrow
Bananaman651
0:28 Loom
11:03 Feudal Age
15:02 Castle Age
12:52 Double-Bit Axe
13:44 Gold Mining
15:31 Crossbowman
16:59 Fletching
21:23 Town Watch
27:39 Wheelbarrow
27:30 Ballistics
28:57 Horse Collar
33:04 Imperial Age
30:59 Scale Mail Armor
31:34 Hand Cart
31:32 Eagle Warrior
32:28 Chain Mail Armor
32:58 Bow Saw
32:48 Heavy Plow
33:48 Forging
33:41 Squires
34:43 Plate Mail Armor
34:17 Elite Eagle Warrior
35:37 Squires
36:04 Bodkin Arrow
36:56 Holcans
37:34 Iron Casting
38:03 Two-Man Saw
37:43 Pikeman
40:06 Blast Furnace
40:02 Conscription
40:27 Halberdier
41:21 Padded Archer Armor
43:16 Stone Mining
42:55 Elite Skirmisher
43:36 Bracer
44:16 Leather Archer Armor
46:34 Chemistry
45:43 Caravan
48:11 Crop Rotation
48:26 Ring Archer Armor
martincho
9:44 Feudal Age
9:18 Loom
16:18 Castle Age
16:39 Double-Bit Axe
23:35 Gold Mining
25:24 Horse Collar
26:05 Bow Saw
27:04 Wheelbarrow
30:25 Heavy Plow
31:09 Scale Mail Armor
34:19 Imperial Age
32:50 Forging
32:46 Scale Barding Armor
33:34 Forging
34:07 Husbandry
34:17 Bloodlines
34:55 Gold Shaft Mining
35:02 Chain Barding Armor
35:40 Iron Casting
35:49 Conscription
36:37 Hand Cart
36:09 Heavy Camel Rider
37:43 Bloodlines
37:56 Light Cavalry
44:47 Plate Barding Armor
распродаж
11:11 Feudal Age
15:19 Castle Age
13:36 Horse Collar
14:07 Double-Bit Axe
17:13 Wheelbarrow
18:22 Fervor
24:44 Hand Cart
28:04 Imperial Age
26:15 Loom
27:13 Ballistics
27:32 Bow Saw
27:23 Heavy Plow
27:14 Gold Mining
27:27 Fletching
27:37 Padded Archer Armor
28:06 Bodkin Arrow
28:25 Heavy Cavalry Archer
29:32 Parthian Tactics
30:21 Chemistry
31:20 Conscription
31:59 Bracer
32:15 Leather Archer Armor
32:48 Town Watch
34:47 Bloodlines
34:37 Husbandry
33:58 Light Cavalry
35:26 Scale Mail Armor
36:22 Recurve Bow
38:18 Scale Barding Armor
38:43 Ring Archer Armor
38:43 Thumb Ring
39:12 Hussar
40:14 Chain Barding Armor
42:13 Plate Barding Armor
42:47 Corvinian Army
43:23 Hoardings
44:08 Crop Rotation
44:39 Two-Man Saw
45:25 Elite Skirmisher
Rex Caedis
8:27 Feudal Age
8:57 Double-Bit Axe
8:54 Horse Collar
10:28 Loom
10:34 Fletching
12:46 Horse Collar
18:34 Wheelbarrow
21:02 Castle Age
19:44 Stone Mining
20:10 Town Watch
22:11 Bow Saw
22:01 Heavy Plow
26:44 Hand Cart
32:37 Imperial Age
30:21 Gold Mining
30:48 Scale Barding Armor
31:51 Chain Barding Armor
32:44 Stone Shaft Mining
32:40 Forging
33:10 Bodkin Arrow
33:32 Bloodlines
33:23 Husbandry
33:01 Cavalier
34:19 Crop Rotation
34:13 Szlachta Privileges
34:22 Husbandry
34:58 Iron Casting
35:59 Chemistry
37:19 Blast Furnace
36:59 Conscription
38:25 Lechitic Legacy
38:11 Bracer
38:11 Padded Archer Armor
38:39 Bombard Tower
38:00 Treadmill Crane
38:32 Masonry
38:04 Light Cavalry
38:48 Elite Obuch
39:34 Scale Mail Armor
39:37 Squires
39:23 Arson
38:59 Pikeman
40:13 Ballistics
40:03 Caravan
41:22 Chain Mail Armor
41:25 Town Patrol
41:14 Winged Hussar
42:40 Coinage
42:23 Fortified Wall
42:18 Siege Engineers
42:11 Murder Holes
44:08 Hoardings
44:04 Plate Mail Armor
48:08 Banking
Benni
10:15 Feudal Age
14:04 Castle Age
11:51 Double-Bit Axe
15:39 Bow Saw
23:00 Wheelbarrow
22:24 Gold Mining
23:41 Stone Mining
26:01 Gold Shaft Mining
25:51 Hand Cart
25:45 Loom
29:29 Imperial Age
27:01 Scale Mail Armor
28:30 Chain Mail Armor
28:26 Forging
29:33 #83
29:23 Squires
29:08 Arson
30:44 Conscription
31:00 Iron Casting
30:56 Plate Mail Armor
30:28 Elite Throwing Axeman
32:41 Blast Furnace
32:12 Plate Mail Armor
32:40 Fletching
33:03 Masonry
36:50 Chemistry
37:17 Bodkin Arrow
37:47 Ballistics
38:27 Coinage
40:14 Banking
47:23 Hoardings
47:35 Caravan
Angus McFife
10:09 Feudal Age
14:02 Castle Age
12:36 Double-Bit Axe
13:15 Horse Collar
15:16 Bow Saw
23:00 Wheelbarrow
24:42 Stone Mining
24:43 Gold Mining
29:30 Imperial Age
27:48 Hand Cart
27:19 Loom
27:31 Fletching
29:06 Bodkin Arrow
29:37 Ballistics
30:44 Conscription
31:36 Chemistry
30:57 Bracer
30:57 Padded Archer Armor
31:44 Elite Fire Archer
32:30 Red Cliffs Tactics
33:21 Leather Archer Armor
41:34 Scale Barding Armor
42:20 Masonry
44:04 Chain Barding Armor
48:01 Guilds
Rumpel the Idle
12:19 Feudal Age
15:51 Castle Age
13:46 Double-Bit Axe
14:03 Horse Collar
17:45 Wheelbarrow
17:25 Bow Saw
17:44 Loom
21:58 Wheelbarrow
21:43 Gold Mining
28:58 Imperial Age
26:53 Hand Cart
26:52 Stone Mining
28:34 Bloodlines
28:25 Husbandry
29:24 Scale Barding Armor
29:30 Forging
30:12 Conscription
30:58 Chemistry
31:37 Two-Man Saw
31:36 Chain Barding Armor
33:13 Plate Barding Armor
33:14 Iron Casting
32:03 Elite Battle Elephant
36:24 Blast Furnace
35:56 Guilds
37:30 Siege Elephant
40:05 Light Cavalry
42:16 Paiks
46:32 Gold Shaft Mining
47:59 Caravan
48:15 Heavy Plow
Connection lost

Rejoining the realm…

Still unreachable

The connection could not be restored.

Session expired

The server has moved on; the page needs a fresh start.